 Dungeon Crawl Stone Soup version 0.28.0-53-g5a82cb258f (webtiles) character file.

Game seed: 5067035928189406740

39 gobodom the Covered (level 3, -1/24 HPs)
             Began as a Demonspawn Wanderer on June 20, 2022.
             Slain by a worm (12 damage)
             ... on level 2 of the Dungeon.
             The game lasted 00:05:03 (1870 turns).

gobodom the Covered (Demonspawn Wanderer)           Turns: 1870, Time: 00:05:03

Health: -1/24      AC:  0    Str: 12    XL:     3   Next: 26%
Magic:  2/4        EV: 11    Int: 16    God:
Gold:   52         SH:  6    Dex: 11    Spells: 3/4 levels left

rFire   . . .      SeeInvis .   a - +0 dagger
rCold   . . .      Faith    .   c - +2 buckler
rNeg    . . .      Spirit   .   (no armour)
rPois   .          Reflect  .   (no helmet)
rElec   .          Harm     .   (no cloak)
rCorr   .          Rampage  .   (no gloves)
Will    .....                   (no boots)
Stlth   +.........              (no amulet)
HPRegen 0.08/turn               (no ring)
MPRegen 0.09/turn               (no ring)

@: no status effects
A: demonic guardian 1
a: no special abilities


You were on level 2 of the Dungeon.
You visited 1 branch of the dungeon, and saw 2 of its levels.

You collected 52 gold pieces.

Inventory:

Hand Weapons
 a - a +0 dagger (weapon)
Armour
 b - a +0 scale mail
 c - a +2 buckler (worn)
Scrolls
 f - 3 scrolls of blinking {unknown}
 h - a scroll of noise {unknown}
Potions
 d - 2 potions of flight {unknown}
 e - a potion of attraction {unknown}
 g - a potion of curing {unknown}
 i - a potion of brilliance {unknown}


   Skills:
 + Level 1.0 Throwing
 + Level 4.1 Armour
 + Level 0.2 Dodging
 + Level 0.2 Stealth
 + Level 3.0 Shields
 + Level 1.1 Spellcasting
 + Level 0.3 Conjurations
 + Level 1.2 Fire Magic


You had 3 spell levels left.
You knew the following spells:

 Your Spells              Type           Power      Damage    Failure   Level
a - Foxfire               Conj/Fire      12%        2x1d4     22%         1

Your spell library contained the following spells:

 Spells                   Type           Power      Damage    Failure   Level
 Call Imp                 Summ           0%         N/A       41%         2
 Inner Flame              Hex/Fire       2%         N/A       56%         3
 Borgnjor's Vile Clutch   Necr/Erth      0%         N/A       100%        5
 Summon Forest            Summ/Tloc      0%         N/A       100%        5
 Statue Form              Tmut/Erth      0%         N/A       100%        6


Dungeon Overview and Level Annotations

Branches:
Dungeon (2/15)

Altars:

Shops:
D:2 *


Innate Abilities, Weirdness & Mutations

A weak demonic guardian rushes to your aid.


Message History

You conjure some foxfire!
Your foxfire dissipates!
The foxfire hits the kobold.
The kobold is heavily wounded.
You conjure some foxfire!
The foxfire hits the kobold but does no damage.
The kobold is heavily wounded.
The foxfire hits the kobold.
You kill the kobold!
Your Shields skill increases to level 3!
You see here a yellow potion.
You are too depleted to draw on your mana recklessly!
You see here a +0 club.
You are too depleted to draw on your mana recklessly!
You see here a yellow potion.
i - a yellow potion You see here a +0 mace.
You conjure some foxfire!
The foxfire hits the worm but does no damage.
The worm bites you.
You hit the worm.
The worm is lightly wounded.
You hit the worm.
The worm is moderately wounded.
The worm closely misses you.
You hit the worm but do no damage.
The worm is lightly wounded.
The worm bites you.
You hit the worm.
The worm is lightly wounded.
You hit the worm.
The worm is moderately wounded.
The worm barely misses you.
You hit the worm.
The worm is heavily wounded.
You hit the worm.
The worm is heavily wounded.
The worm bites you!
Ouch! That really hurt!
You die...

..#..............#....
..#..........†........#.#
...............#####...#
#......#...............
.##......#....<..........
#........................
#........#...............
#...w..)....†............
#..........w@...........#
........................#
..........#..............
..........##....).....##.
..........##########....
.........## .....
..#.....## .... #### ....


You could see a worm.

Vanquished Creatures
  A gnoll (D:1)
  A dart slug (D:2)
  4 bats
  An endoplasm (D:1)
  2 goblins (D:1)
  2 jackals (D:1)
  A quokka (D:1)
  2 ball pythons
  A frilled lizard (D:1)
  4 kobolds
  3 rats
22 creatures vanquished.

Vanquished Creatures (collateral kills)
  2 hobgoblins (D:1)
2 creatures vanquished.

Vanquished Creatures (others)
  39 foxfires
39 creatures vanquished.

Grand Total: 63 creatures vanquished

Notes
Turn   | Place    | Note
-------+----------+-------------------------------------------
     0 | D:1      | gobodom the Demonspawn Wanderer began the quest for the
                  | Orb.
     0 | D:1      | gobodom set off with the following items: a +0 dagger, a +0
                  | scale mail, a +2 buckler; and the following spell
                  | memorised: Foxfire; and the following spells available to
                  | memorise: Inner Flame
     0 | D:1      | Reached XP level 1. HP: 13/13 MP: 2/2
   423 | D:1      | Gained mutation: A weak demonic guardian rushes to your
                  | aid. [demonic ancestry]
   423 | D:1      | Reached XP level 2. HP: 19/19 MP: 0/3
   573 | D:1      | Reached skill level 4 in Armour
   583 | D:1      | Got Sif Muna's Disquisition on the Earthen Escort
  1518 | D:1      | Reached XP level 3. HP: 20/24 MP: 4/4
  1784 | D:2      | Found Kemummiu's Assorted Antiques.
  1870 | D:2      | Slain by a worm

Illustrated notes

Levels and vault maps discovered:
D:1:      dpeg_arrival_erosion, layout_basic
D:2:      layout_rooms, shapermc_ecumenical_altar_mp_highgroup, serial_shops,
          shop, basic_altar, uniq_crazy_yiuf_cottage

Skill      XL: |  1  2  3 |
---------------+----------+-----
Armour         | 4 |  4.1
Shields        | 3 |  3.0
Throwing       | |  1.0
Dodging        | |  0.2
Stealth        | |  0.2
Spellcasting   | |  1.1
Conjurations   | |  0.3
Fire Magic     | |  1.2

Action                   || total
-------------------------++-------
Melee: Dagger            ||    68
 Cast: Foxfire           ||    23
  Use: Scroll            ||     1
Armor: Scale mail        ||     8
Dodge: Dodged            ||    35
Block: Buckler           ||    23
